 Dungeon Crawl Stone Soup version 0.23-a0-470-g6f7cfd9 (webtiles) character file.

225 Lavandula the Gusty (level 6, 6/49 HPs)
             Began as a Naga Air Elementalist on Nov 26, 2018.
             Quit the game on level 6 of the Dungeon.
             The game lasted 00:06:31 (1573 turns).

Lavandula the Gusty (Naga Air Elementalist)         Turns: 1573, Time: 00:06:31

Health: 6/49       AC:  7    Str: 10    XL:     6   Next: 1%
Magic:  12/12      EV: 10    Int: 18    God:
Gold:   168        SH:  0    Dex: 11    Spells: 6/13 levels left

rFire    . . .     SeeInvis +   o - +3 quarterstaff (crush)
rCold    . . .     Gourm    .   (shield currently unavailable)
rNeg     . . .     Faith    .   a - +0 robe
rPois    +         Spirit   .   v - +1 helmet
rElec    .         Reflect  .   w - +0 cloak
rCorr    .         Harm     .   q - +0 pair of gloves
MR       .....     Rnd*Tele +   (no barding)
Stlth    ++........             t - amulet of magic regeneration
HPRegen  0.16/turn              g - ring of teleportation (curse)
MPRegen  0.38/turn              (no ring)

@: very slow
A: large, see invisible, deformed body, poison resistance, slowness 2, slow
metabolism 1, spit poison 1, AC +2
a: Spit Poison


You were on level 6 of the Dungeon.
You were hungry.

You visited 2 branches of the dungeon, and saw 7 of its levels.

You collected 168 gold pieces.

Inventory:

Hand Weapons
 d - a +0 dagger
 m - a +0 spear
 o - a +3 quarterstaff of crushing (weapon)
 r - a +2 flail of protection
 y - a +2 flail of venom
Missiles
 n - 15 tomahawks (quivered)
Armour
 a - a +0 robe (worn)
 p - a +0 helmet
 q - a +0 pair of gloves (worn)
 v - a +1 helmet (worn)
 w - a +0 cloak (worn)
Jewellery
 g - a cursed ring of teleportation (left hand)
 t - an amulet of magic regeneration (around neck)
Scrolls
 e - 3 scrolls of enchant weapon
 f - 2 scrolls of remove curse {unknown}
 i - a scroll of immolation {unknown}
 j - a scroll of identify {unknown}
 k - a scroll of teleportation {unknown}
Potions
 b - a potion of haste {unknown}
 h - a potion of curing {unknown}
 l - a potion of resistance {unknown}
 s - a potion of heal wounds {unknown}
 u - a potion of agility {unknown}
 x - 2 potions of flight {unknown}
Comestibles
 c - 8 rations


   Skills:
 - Level 1.5 Dodging
 - Level 3.0 Stealth
 - Level 4.1 Spellcasting
 - Level 1.0 Conjurations
 + Level 5.0 Air Magic


You had 6 spell levels left.
You knew the following spells:

 Your Spells              Type           Power        Failure   Level  Hunger
a - Shock                 Conj/Air       ##..         4%          1    None
b - Swiftness             Chrm/Air       ##......     8%          2    ##.....
c - Airstrike             Air            ###.......   19%         4    ####...

Your spell library contained the following spells:

 Spells                   Type           Power        Failure   Level  Hunger
 Static Discharge         Conj/Air       ##......     13%         3    ###....
 Lightning Bolt           Conj/Air       ##........   75%         5    ######.


Dungeon Overview and Level Annotations

Branches:
Dungeon (6/15)             Temple (1/1) D:5

Altars:
Ashenzari
Cheibriados
Dithmenos
Elyvilon
Fedhas
Gozag
Hepliaklqana
Kikubaaqudgha
Makhleb
Nemelex Xobeh
Okawaru
Qazlal
Sif Muna
Trog
Vehumet
Wu Jian
Xom
Zin
The Shining One


Innate Abilities, Weirdness & Mutations

You cannot wear boots.
Your serpentine skin is tough. (AC +2)
You have supernaturally acute eyesight. (SInv)
Armour fits poorly on your strangely shaped body.
Your system is resistant to poisons. (rPois)
You cover ground very slowly.
You have a slow metabolism.
You can spit poison.


Message History

Unknown command.
The centaur shoots an arrow.
The arrow hits you.
You see here an arrow.
Unknown command.
The centaur unwields a +0 shortbow.
The centaur hits you. The centaur hits you!
The orc wizard hits you but does no damage.
The orc hits you with a +0 hand axe.
* * * LOW HITPOINT WARNING * * *
Unknown command.
You hit the centaur.
The centaur is moderately wounded.
The centaur hits you.
* * * LOW HITPOINT WARNING * * *
The centaur misses you.
The orc wizard hits you but does no damage.
The orc priest looks braver for a moment.
The orc hits you with a +0 hand axe.
* * * LOW HITPOINT WARNING * * *
Okay, then.
Are you sure you want to abandon this character and quit the game? (Confirm

...... .......
.............
..#.#...... #.
#.....?#.#
.#.#+##......'.
............#.#.#
.##......ocoo....#
..........@###...##
#......(((....... .
#........#.###.##.
#####............
#.......####.# .
###.###........
#.#......#.##
#.#.#..<....#
#.#.#...#####


You could see a centaur, an orc priest, an orc wizard and an orc.

Vanquished Creatures
  A howler monkey (D:4)
  Natasha (thrice) (D:2)
  An orc wizard (D:4)
  4 adders (D:2)
  An adder skeleton (D:5)
  11 orcs
  A giant cockroach (D:4)
  A hobgoblin (D:1)
  2 quokkas
  A ball python (D:1)
  4 bats
  4 frilled lizards
  4 kobolds
  3 rats
41 creatures vanquished.

Notes
Turn   | Place    | Note
-------+----------+-------------------------------------------
     0 | D:1      | Lavandula the Naga Air Elementalist began the quest for the
                  | Orb.
     0 | D:1      | Reached XP level 1. HP: 15/15 MP: 3/3
   247 | D:1      | Reached XP level 2. HP: 18/22 MP: 0/5
   342 | D:2      | Reached XP level 3. HP: 17/28 MP: 1/7
   346 | D:2      | Learned a level 2 spell: Swiftness
   570 | D:2      | Noticed Natasha
   581 | D:2      | Killed Natasha
   581 | D:2      | Reached XP level 4. HP: 36/36 MP: 2/10
   587 | D:2      | Learned a level 4 spell: Airstrike
   712 | D:2      | Noticed Natasha
   717 | D:2      | Killed Natasha
   740 | D:2      | Noticed Natasha
   747 | D:2      | Killed Natasha
   747 | D:2      | Reached XP level 5. HP: 35/42 MP: 4/11
   877 | D:3      | Reached skill level 4 in Air Magic
   883 | D:3      | Found a snail-covered altar of Cheibriados.
   885 | D:3      | Found an ornate altar of the Wu Jian Council.
   976 | D:3      | Found an opulent altar of Gozag.
  1235 | D:4      | Reached skill level 5 in Air Magic
  1287 | D:5      | Entered Level 5 of the Dungeon
  1353 | D:5      | Found a staircase to the Ecumenical Temple.
  1362 | Temple   | Entered the Ecumenical Temple
  1539 | D:5      | Reached XP level 6. HP: 49/49 MP: 12/12
  1573 | D:6      | Quit the game

Vault maps used:
D:1:      lightli_arrival_farm, hex_large
D:2:      minmay_tetromino_t2, uniq_natasha
D:3:      grunt_gozag_breadcrumbs, nicolae_overflow_hidden_temple,
          chequers_ecumenical_altar_lobes
D:4:      minmay_misc_feat_roman, led_sif_book
D:5:      kennysheep_little_box, minmay_temple_entry_junction, first_ration,
          yredelemnul_altar_generic
D:6:      cheibrodos_thug_alley, serial_shops, shop, minmay_microvault
Temple:   regret_index_temple_sphere_string

Skill      XL: |  1  2  3  4  5 |
---------------+----------------+-----
Spellcasting   | 3 4 |  4.1
Air Magic      | 5 |  5.0
Dodging        | |  1.5
Stealth        | |  3.0
Conjurations   | |  1.0

Action                   |  1- 3 |  4- 6 || total
-------------------------+-------+-------++-------
Melee: Quarterstaff      |       |    12 ||    12
 Cast: Shock             |    32 |    26 ||    58
 Abil: Spit Poison       |    15 |     7 ||    22
  Use: Scroll            |       |     2 ||     2
 Stab: Sleeping          |       |     2 ||     2
  Eat: Chunk             |       |     2 ||     2
Armor: Robe              |     6 |     6 ||    12
Dodge: Dodged            |    11 |     7 ||    18

Table legend:
 A = Non-vault XP
 B = Vault XP
 C = Vault XP percentage of total XP
 D = Non-vault monster count
 E = Vault monster count
 F = Vault count percentage of total count
                 A         B        C        D         E       F
            +---------+---------+-------+---------+---------+-------
      Total |     285 |      37 |  11.5 |      40 |       1 |   2.4
            +---------+---------+-------+---------+---------+-------
        D:1 |      14 |       0 |   0.0 |      10 |       0 |   0.0
        D:2 |     135 |      37 |  21.5 |      13 |       1 |   7.1
        D:3 |      19 |       0 |   0.0 |       7 |       0 |   0.0
        D:4 |     112 |       0 |   0.0 |       9 |       0 |   0.0
        D:5 |       5 |       0 |   0.0 |       1 |       0 |   0.0
            +---------+---------+-------+---------+---------+-------
